CALGARY Flames vs SEATTLE Kraken

Created - 19 février 2024 at 21:27

Goals
1 2 3 OT1 T
CALGARY Flames 2 1 1 1 5
SEATTLE Kraken 2 0 2 0 4
Shots
1 2 3 OT1 T
CALGARY Flames 9 10 4 4 27
SEATTLE Kraken 10 1 13 1 25

1st period

1. SEATTLE Kraken , Brendan Lemieux 3 (Jordan Greenway 6, Radko Gudas 5) at 4:15
2. SEATTLE Kraken , Mathieu Olivier 1 (Joel Hanley 3) at 5:39
3. CALGARY Flames , Alexei Toropchenko 1 (Johnathan Kovacevic 4, A.J. Greer 1) at 8:35
4. CALGARY Flames , Charlie McAvoy 3 (Charlie Coyle 8, Quinn Hughes 8) at 11:29 (PP)

Penalties :
Josh Brown (CGY) for Interference (Minor) at 6:15, Wayne Simmonds (SEA) for High sticking (Minor) at 11:13, Charlie McAvoy (CGY) for Delaying the game (Minor) at 14:57, Keegan Kolesar (CGY) for Roughing (Minor) at 18:24

2nd period

5. CALGARY Flames , Daniel Sprong 1 (Charlie Coyle 9, Quinn Hughes 9) at 14:35

Penalties :
Givani Smith (SEA) for Roughing (Minor) at 2:25, Matt Martin (SEA) for Tripping (Minor) at 5:49, Darnell Nurse (CGY) for Slashing (Minor) at 5:49, Charlie McAvoy (CGY) for Tripping (Minor) at 18:46, Darnell Nurse (CGY) for Tripping (Minor) at 19:32

3rd period

6. CALGARY Flames , Charlie Coyle 5 (Jamie Oleksiak 3, Johnathan Kovacevic 5) at 0:42 (SH)
7. SEATTLE Kraken , Jordan Greenway 3 (Radko Gudas 6) at 11:07 (PP)
8. SEATTLE Kraken , Radko Gudas 3 (Matty Beniers 3) at 11:38 (PP)

Penalties :
Charlie Coyle (CGY) for Hooking (Minor) at 3:18, Liam O'Brien (SEA) for Holding (Minor) at 4:09, Jamie Oleksiak (CGY) for Tripping (Minor) at 7:09, Lawson Crouse (CGY) for Goalie Interference (Minor) at 10:49, Cole Perfetti (CGY) for Holding (Minor) at 11:34, Keegan Kolesar (CGY) for Tripping (Minor) at 14:24, Jordan Gross (SEA) for Hooking (Minor) at 16:46

Overtime #1

9. CALGARY Flames , Boone Jenner 4 (A.J. Greer 2, Jamie Oleksiak 4) at 3:46

Penalties :
No Penalty

Goalie Stats

Jacob Markstrom (CGY), 21 saves from 25 shots - (0,840), W, 6-4-1, 63:47 minutes
Sergei Bobrovsky (SEA), 22 saves from 27 shots - (0,815), OTL, 3-5-4, 63:47 minutes

Players Stats for CALGARY Flames

Player Name              G  A  P  +/- PIM S  H  SB GA TA FO     MP     PP MP  PK MP  
------------------------------------------------------------------------------------
A.J. Greer               0  2  2   1  0   1  3  0  0  0  0/0     9:58   0:00   1:02 
Alex Newhook             0  0  0   0  0   0  0  0  0  0  1/2    13:15   1:57   0:00 
Alexei Toropchenko       1  0  1   0  0   4  0  0  0  0  0/0     8:11   0:00   0:00 
Boone Jenner             1  0  1   1  0   3  4  0  0  0  13/23  20:59   3:08   2:03 
Charlie Coyle            1  2  3   1  2   3  6  0  0  0  14/26  21:15   3:08   5:43 
Charlie McAvoy           1  0  1   0  4   5  2  0  0  0  0/0    25:39   3:08   5:52 
Cole Perfetti            0  0  0   0  2   0  0  0  0  0  0/1    10:28   0:00   0:00 
Daniel Sprong            1  0  1   0  0   5  1  0  0  0  0/1    14:02   1:57   0:00 
Darnell Nurse            0  0  0   0  4   0  1  4  0  0  0/0    20:49   1:57   6:42 
Jamie Oleksiak           0  2  2   2  2   2  1  6  0  0  0/0    24:30   1:57   6:33 
Johnathan Kovacevic      0  2  2   1  0   0  1  0  0  0  0/0    17:05   0:00   3:39 
Josh Brown               0  0  0   0  2   0  3  1  0  0  0/0    12:18   0:00   0:12 
Keegan Kolesar           0  0  0   0  4   0  3  0  0  0  0/0    14:15   0:00   4:49 
Lawson Crouse            0  0  0   0  2   1  2  0  0  0  0/0    21:26   3:08   5:30 
Michael Rasmussen        0  0  0   0  0   1  0  1  0  0  14/27  19:19   1:57   7:26 
Philipp Kurashev         0  0  0   0  0   0  0  0  0  0  1/1     9:28   0:00   0:00 
Quinn Hughes             0  2  2   0  0   1  0  1  0  0  0/0    23:20   3:08   4:47 
Ty Dellandrea            0  0  0   0  0   1  1  0  0  0  3/4     6:40   0:00   0:00 

Players Stats for SEATTLE Kraken

Player Name              G  A  P  +/- PIM S  H  SB GA TA FO     MP     PP MP  PK MP  
------------------------------------------------------------------------------------
Arber Xhekaj             0  0  0  -2  0   1  0  0  0  0  0/0    13:36   0:03   0:00 
Brendan Lemieux          1  0  1  -2  0   2  1  0  0  0  4/7    26:52   7:23   2:32 
Givani Smith             0  0  0   1  2   0  2  0  0  0  0/1    11:24   0:00   0:00 
Jake Gardiner            0  0  0   1  0   0  0  1  0  0  0/0    24:25   6:26   1:30 
Jakub Zboril             0  0  0  -2  0   3  1  1  0  0  0/0    25:16   7:31   3:35 
Joel Hanley              0  1  1  -1  0   2  6  1  0  0  0/0    23:52   7:05   3:35 
John Hayden              0  0  0  -1  0   0  0  0  0  0  0/1     2:19   0:03   0:32 
Jordan Greenway          1  1  2  -1  0   3  3  1  0  0  0/3    19:46   7:23   1:29 
Jordan Gross             0  0  0   1  2   0  0  0  0  0  0/0    11:57   0:00   0:00 
Liam O'Brien             0  0  0   0  2   0  0  0  0  0  0/0    14:23   0:02   0:22 
Luke Kunin               0  0  0  -1  0   2  0  0  0  0  12/24  21:15   7:23   2:58 
Mathieu Olivier          1  0  1   1  0   1  2  0  0  0  4/11   11:25   0:00   0:00 
Matt Martin              0  0  0   0  2   2  3  0  0  0  1/1    19:10   6:27   1:45 
Matty Beniers            0  1  1   0  0   2  0  0  0  0  9/19   16:58   6:27   0:00 
Radko Gudas              1  2  3   0  0   5  3  1  0  0  0/0    24:40   6:41   1:30 
Ryan Kesler              0  0  0  -1  0   0  0  0  0  0  5/7     9:52   0:03   0:32 
Wayne Simmonds           0  0  0   0  2   2  2  0  0  0  3/5    19:30   6:27   0:00 
Zack MacEwen             0  0  0  -1  0   0  0  0  0  0  1/6     6:24   0:00   0:00 

3 Stars

1 - Charlie Coyle (CGY)
2 - Radko Gudas (SEA)
3 - Boone Jenner (CGY)

Power Play

CALGARY Flames - 1 on 4 Attempt(s) - 25,00%
SEATTLE Kraken - 2 on 10 Attempt(s) - 20,00%

Penalty Kill

CALGARY Flames - 8 on 10 Attempt(s) - 80,00% - Score 1 goal in Penalty Kill
SEATTLE Kraken - 3 on 4 Attempt(s) - 75,00% - Score 0 goal in Penalty Kill

Team Stat

CALGARY Flames - Hits : 28 - Faceoff Wins : 46 - Blocked Shots : 13 - Penalty Minutes : 22
SEATTLE Kraken - Hits : 23 - Faceoff Wins : 39 - Blocked Shots : 5 - Penalty Minutes : 10

Official

Referees : Amanda Tasson and MacKenzie Welter
Linesman : Dan Kelly and Steve Barton

Game Notes

No Game Note

Finance

Level 1 -- Attendance: 5169 (86,15%) -- Ticket Income $516,900
Level 2 -- Attendance: 4255 (85,10%) -- Ticket Income $255,300
Level 3 -- Attendance: 1925 (96,25%) -- Ticket Income $67,375
Level 4 -- Attendance: 2927 (73,18%) -- Ticket Income $73,175
Luxury Box -- Attendance: 777 (77,70%) -- Ticket Income $155,400
Total Attendance: 15053 (83,63%)
Total Ticket Income: $1,068,150
Other Income: $267,038
Total Income: $1,335,188

CALGARY Flames

5 vs 5 Forward 
   Center                   Left Wing                Right Wing               Time % Phy DF OF 
 1 Boone Jenner             Alex Newhook             Lawson Crouse            30     2   1  2  
 2 Charlie Coyle            Cole Perfetti            Daniel Sprong            30     1   1  3  
 3 Michael Rasmussen        Philipp Kurashev         Keegan Kolesar           25     2   1  2  
 4 Ty Dellandrea            Alexei Toropchenko       A.J. Greer               15     2   1  2  

5 vs 5 Defense 
   Defense                  Defense                                           Time % Phy DF OF 
 1 Quinn Hughes             Charlie McAvoy                                    40     1   2  2  
 2 Darnell Nurse            Jamie Oleksiak                                    30     2   2  1  
 3 Johnathan Kovacevic      Josh Brown                                        25     3   2  0  
 4 Darnell Nurse            Jamie Oleksiak                                    5      2   2  1  

PowerPlay Forward 
   Center                   Left Wing                Right Wing               Time % Phy DF OF 
 1 Boone Jenner             Lawson Crouse            Charlie Coyle            55     1   0  4  
 2 Michael Rasmussen        Alex Newhook             Daniel Sprong            45     1   0  4  

PowerPlay Defense
   Defense                  Defense                                           Time % Phy DF OF 
 1 Quinn Hughes             Charlie McAvoy                                    60     1   2  2  
 2 Darnell Nurse            Jamie Oleksiak                                    40     1   2  2  

Penalty Kill 4 Players Forward 
   Center                   Wing                     Time % Phy DF OF 
 1 Charlie Coyle            Lawson Crouse            50     1   3  1  
 2 Michael Rasmussen        Keegan Kolesar           50     2   3  0  

Penalty Kill 4 Players Defense
   Defense                  Defense                  Time % Phy DF OF 
 1 Darnell Nurse            Charlie McAvoy           60     1   2  2  
 2 Quinn Hughes             Jamie Oleksiak           40     1   2  2  

Penalty Kill - 3 Players Forward 
   Forward                                           Time % Phy DF OF 
 1 Charlie Coyle                                     50     1   4  0  
 2 Michael Rasmussen                                 50     1   4  0  

Penalty Kill - 3 Players Defense
   Defense                  Defense                  Time % Phy DF OF 
 1 Darnell Nurse            Charlie McAvoy           60     1   2  2  
 2 Quinn Hughes             Jamie Oleksiak           40     1   2  2  

4 vs 4 Forward 
   Center                   Wing                     Time % Phy DF OF 
 1 Boone Jenner             Lawson Crouse            50     2   1  2  
 2 Charlie Coyle            Daniel Sprong            50     1   1  3  

4 vs 4 Defense
   Defense                  Defense                  Time % Phy DF OF 
 1 Quinn Hughes             Charlie McAvoy           55     1   2  2  
 2 Darnell Nurse            Jamie Oleksiak           45     1   2  2  

Last Minutes Offensive
   Center                   Left Wing                Right Wing               Defense                  Defense                  
   Boone Jenner             Lawson Crouse            Charlie Coyle            Quinn Hughes             Charlie McAvoy           

Last Minutes Defensive
   Center                   Left Wing                Right Wing               Defense                  Defense                  
   Charlie Coyle            Michael Rasmussen        Lawson Crouse            Darnell Nurse            Charlie McAvoy           

Goaltenders
Starting : Jacob Markstrom          
Backup : Stuart Skinner           

Extra Forwards
Normal : Charlie Coyle, Boone Jenner, Michael Rasmussen - PP : Cole Perfetti, Michael Rasmussen - PK : Boone Jenner
Extra Defensemen
Normal : Jamie Oleksiak, Johnathan Kovacevic, Josh Brown - PP : Jamie Oleksiak - PK : Jamie Oleksiak, Johnathan Kovacevic
Penalty Shots
Alex Newhook, Boone Jenner, Quinn Hughes, Charlie McAvoy, Daniel Sprong

Scratches
Jacob Bryson (Healthy), Jake Muzzin (Healthy)

SEATTLE Kraken

5 vs 5 Forward 
   Center                   Left Wing                Right Wing               Time % Phy DF OF 
 1 Luke Kunin               Brendan Lemieux          Jordan Greenway          40     1   2  2  
 2 Matty Beniers            Matt Martin              Liam O'Brien             30     1   2  2  
 3 Zack MacEwen             Ryan Kesler              Brendan Lemieux          20     1   2  2  
 4 Mathieu Olivier          Wayne Simmonds           Givani Smith             10     1   2  2  

5 vs 5 Defense 
   Defense                  Defense                                           Time % Phy DF OF 
 1 Radko Gudas              Jake Gardiner                                     40     1   2  2  
 2 Jakub Zboril             Arber Xhekaj                                      30     1   2  2  
 3 Jordan Gross             Joel Hanley                                       20     1   2  2  
 4 Radko Gudas              Jake Gardiner                                     10     1   2  2  

PowerPlay Forward 
   Center                   Left Wing                Right Wing               Time % Phy DF OF 
 1 Luke Kunin               Brendan Lemieux          Jordan Greenway          60     1   2  2  
 2 Matty Beniers            Matt Martin              Wayne Simmonds           40     1   2  2  

PowerPlay Defense
   Defense                  Defense                                           Time % Phy DF OF 
 1 Radko Gudas              Joel Hanley                                       60     1   2  2  
 2 Jakub Zboril             Jake Gardiner                                     40     1   2  2  

Penalty Kill 4 Players Forward 
   Center                   Wing                     Time % Phy DF OF 
 1 Brendan Lemieux          Luke Kunin               60     1   2  2  
 2 Jordan Greenway          Matt Martin              40     1   2  2  

Penalty Kill 4 Players Defense
   Defense                  Defense                  Time % Phy DF OF 
 1 Jake Gardiner            Radko Gudas              60     1   2  2  
 2 Jakub Zboril             Joel Hanley              40     1   2  2  

Penalty Kill - 3 Players Forward 
   Forward                                           Time % Phy DF OF 
 1 Jordan Greenway                                   60     1   2  2  
 2 Luke Kunin                                        40     1   2  2  

Penalty Kill - 3 Players Defense
   Defense                  Defense                  Time % Phy DF OF 
 1 Jake Gardiner            Joel Hanley              60     1   2  2  
 2 Jakub Zboril             Radko Gudas              40     1   2  2  

4 vs 4 Forward 
   Center                   Wing                     Time % Phy DF OF 
 1 Luke Kunin               Jordan Greenway          60     1   2  2  
 2 Brendan Lemieux          Matt Martin              40     1   2  2  

4 vs 4 Defense
   Defense                  Defense                  Time % Phy DF OF 
 1 Radko Gudas              Jake Gardiner            60     1   2  2  
 2 Jakub Zboril             Arber Xhekaj             40     1   2  2  

Last Minutes Offensive
   Center                   Left Wing                Right Wing               Defense                  Defense                  
   Luke Kunin               Brendan Lemieux          Jordan Greenway          Radko Gudas              Jake Gardiner            

Last Minutes Defensive
   Center                   Left Wing                Right Wing               Defense                  Defense                  
   Luke Kunin               Brendan Lemieux          Jordan Greenway          Radko Gudas              Jake Gardiner            

Goaltenders
Starting : Sergei Bobrovsky         
Backup : Laurent Brossoit         

Extra Forwards
Normal : Jordan Greenway, Brendan Lemieux, Luke Kunin - PP : Luke Kunin, Brendan Lemieux - PK : Luke Kunin
Extra Defensemen
Normal : Jordan Gross, Joel Hanley, Jakub Zboril - PP : Jakub Zboril - PK : Joel Hanley, Jakub Zboril
Penalty Shots
Brendan Lemieux, Luke Kunin, Jordan Greenway, Matt Martin, Wayne Simmonds

Scratches
Carey Price (Healthy)

% Time on Ice - CALGARY Flames

Lines # - Real PCT - Wanted PCT - Time Play
Normal Forward
1 - 30% - 30% - 11:18
2 - 28% - 30% - 10:29
3 - 25% - 25% - 9:28
4 - 18% - 15% - 6:40
Normal Defense
1 - 38% - 40% - 14:17
2 - 30% - 30% - 11:31
3 - 32% - 25% - 12:07
4 - 0% - 5% - 0:00
PP Forward
1 - 62% - 55% - 3:08
2 - 38% - 45% - 1:57
PP Defense
1 - 62% - 60% - 3:08
2 - 38% - 40% - 1:57
PK Forward
1 - 47% - 50% - 5:57
2 - 53% - 50% - 6:43
PK Defense
1 - 61% - 60% - 7:46
2 - 39% - 40% - 4:54
PK3 Forward
1 - 41% - 50% - 0:30
2 - 59% - 50% - 0:43
PK3 Defense
1 - 92% - 60% - 1:07
2 - 8% - 40% - 0:06
44 Forward
1 - 49% - 50% - 1:31
2 - 51% - 50% - 1:36
44 Defense
1 - 36% - 55% - 1:08
2 - 64% - 45% - 1:59
Last Minute Offensive  - 0:00
Last Minute Defensive  - 0:00
Total
Forward - 60:00
Defense - 60:00

% Time on Ice - SEATTLE Kraken

Lines # - Real PCT - Wanted PCT - Time Play
Normal Forward
1 - 25% - 40% - 9:35
2 - 28% - 30% - 10:31
3 - 17% - 20% - 6:24
4 - 30% - 10% - 11:25
Normal Defense
1 - 38% - 40% - 14:25
2 - 32% - 30% - 12:07
3 - 29% - 20% - 11:00
4 - 1% - 10% - 0:23
PP Forward
1 - 53% - 60% - 7:23
2 - 47% - 40% - 6:30
PP Defense
1 - 54% - 60% - 7:27
2 - 46% - 40% - 6:26
PK Forward
1 - 66% - 60% - 3:20
2 - 34% - 40% - 1:45
PK Defense
1 - 30% - 60% - 1:30
2 - 70% - 40% - 3:35
PK3 Forward
1 - 0% - 60%
2 - 0% - 40%
PK3 Defense
1 - 0% - 60%
2 - 0% - 40%
44 Forward
1 - 69% - 60% - 2:09
2 - 31% - 40% - 0:58
44 Defense
1 - 54% - 60% - 1:41
2 - 46% - 40% - 1:26
Last Minute Offensive  - 0:00
Last Minute Defensive  - 0:00
Total
Forward - 60:00
Defense - 60:00

Play-by-Play

1st period


0:01 of 1st period - Luke Kunin wins face-off versus Boone Jenner in neutral zone.
0:01 of 1st period - Luke Kunin is hit by Boone Jenner.
0:21 of 1st period - Shot by Charlie McAvoy.
0:21 of 1st period - Shot Misses the Net.
0:23 of 1st period - Shot by Charlie McAvoy.
0:23 of 1st period - Stopped by Sergei Bobrovsky with a rebound.
0:25 of 1st period - Shot by Lawson Crouse.
0:25 of 1st period - Deflect By Boone Jenner.
0:25 of 1st period - Shot Blocked by Jake Gardiner.
0:27 of 1st period - Shot by Charlie McAvoy.
0:27 of 1st period - Stopped by Sergei Bobrovsky without a rebound.
0:28 of 1st period - Matty Beniers wins face-off versus Charlie Coyle in SEATTLE Kraken zone.
0:28 of 1st period - Jakub Zboril is hit by Charlie Coyle and loses puck.
0:37 of 1st period - Darnell Nurse is hit by Matt Martin and loses puck.
0:47 of 1st period - Shot by Arber Xhekaj.
0:47 of 1st period - Shot Misses the Net.
0:49 of 1st period - Shot by Matt Martin.
0:49 of 1st period - Stopped by Jacob Markstrom without a rebound.
0:50 of 1st period - Zack MacEwen wins face-off versus Michael Rasmussen in CALGARY Flames zone.
1:29 of 1st period - Shot by Michael Rasmussen.
1:29 of 1st period - Shot Misses the Net.
2:35 of 1st period - Matt Martin is hit by Charlie McAvoy and loses puck.
2:42 of 1st period - Shot by Matt Martin.
2:42 of 1st period - Shot Blocked by Quinn Hughes.
3:01 of 1st period - Icing by Quinn Hughes.
3:02 of 1st period - Ty Dellandrea wins face-off versus Mathieu Olivier in CALGARY Flames zone.
3:02 of 1st period - Ty Dellandrea is hit by Givani Smith.
3:27 of 1st period - Charlie McAvoy is hit by Mathieu Olivier and loses puck.
4:01 of 1st period - Radko Gudas is hit by Ty Dellandrea and loses puck.
4:15 of 1st period - Shot by Jordan Greenway.
4:15 of 1st period - Deflect By Brendan Lemieux.
4:15 of 1st period - Goal by Brendan Lemieux - CALGARY Flames : 0 - SEATTLE Kraken : 1.
4:16 of 1st period - Charlie Coyle wins face-off versus Matty Beniers in neutral zone.
4:25 of 1st period - Shot by Daniel Sprong.
4:25 of 1st period - Stopped by Sergei Bobrovsky without a rebound.
4:26 of 1st period - Boone Jenner wins face-off versus Matty Beniers in SEATTLE Kraken zone.
4:45 of 1st period - Shot by Matty Beniers.
4:45 of 1st period - Shot Misses the Net.
5:27 of 1st period - Shot by Brendan Lemieux.
5:27 of 1st period - Stopped by Jacob Markstrom with a rebound.
5:33 of 1st period - Shot by Jordan Greenway.
5:33 of 1st period - Stopped by Jacob Markstrom without a rebound.
5:34 of 1st period - Mathieu Olivier wins face-off versus Cole Perfetti in CALGARY Flames zone.
5:35 of 1st period - Shot by Joel Hanley.
5:35 of 1st period - Shot Blocked by Josh Brown.
5:37 of 1st period - Shot by Joel Hanley.
5:37 of 1st period - Stopped by Jacob Markstrom with a rebound.
5:39 of 1st period - Shot by Mathieu Olivier.
5:39 of 1st period - Goal by Mathieu Olivier - CALGARY Flames : 0 - SEATTLE Kraken : 2.
5:40 of 1st period - Mathieu Olivier wins face-off versus Charlie Coyle in neutral zone.
5:58 of 1st period - Shot by Daniel Sprong.
5:58 of 1st period - Shot Misses the Net.
6:15 of 1st period - Minor Penalty to Josh Brown for Interference.
6:16 of 1st period - Luke Kunin wins face-off versus Michael Rasmussen in CALGARY Flames zone.
6:50 of 1st period - Off-side.
6:51 of 1st period - Matty Beniers wins face-off versus Michael Rasmussen in neutral zone.
7:38 of 1st period - Quinn Hughes is hit by Wayne Simmonds.
8:06 of 1st period - Charlie McAvoy is hit by Jordan Greenway and loses puck.
8:31 of 1st period - Shot by A.J. Greer.
8:31 of 1st period - Shot Misses the Net.
8:35 of 1st period - Shot by Alexei Toropchenko.
8:35 of 1st period - Goal by Alexei Toropchenko - CALGARY Flames : 1 - SEATTLE Kraken : 2.
8:36 of 1st period - Boone Jenner wins face-off versus Luke Kunin in neutral zone.
8:47 of 1st period - Shot by Alex Newhook.
8:47 of 1st period - Shot Misses the Net.
8:49 of 1st period - Shot by Boone Jenner.
8:49 of 1st period - Shot Blocked by Jordan Greenway.
8:51 of 1st period - Shot by Lawson Crouse.
8:51 of 1st period - Shot Misses the Net.
8:53 of 1st period - Shot by Alex Newhook.
8:53 of 1st period - Deflect By Boone Jenner.
8:53 of 1st period - Shot Misses the Net.
9:21 of 1st period - Brendan Lemieux is hit by Keegan Kolesar and loses puck.
9:34 of 1st period - Shot by Michael Rasmussen.
9:34 of 1st period - Shot Misses the Net.
10:23 of 1st period - Icing by Jake Gardiner.
10:24 of 1st period - Brendan Lemieux wins face-off versus Ty Dellandrea in SEATTLE Kraken zone.
10:24 of 1st period - Jordan Greenway is hit by A.J. Greer and loses puck.
10:45 of 1st period - Shot by Ty Dellandrea.
10:45 of 1st period - Stopped by Sergei Bobrovsky without a rebound.
10:46 of 1st period - Charlie Coyle wins face-off versus Matty Beniers in SEATTLE Kraken zone.
11:11 of 1st period - Shot by Arber Xhekaj.
11:11 of 1st period - Stopped by Jacob Markstrom without a rebound.
11:12 of 1st period - Alex Newhook wins face-off versus Mathieu Olivier in CALGARY Flames zone.
11:12 of 1st period - Alex Newhook is hit by Wayne Simmonds.
11:13 of 1st period - Minor Penalty to Wayne Simmonds for High sticking.
11:14 of 1st period - Boone Jenner wins face-off versus Ryan Kesler in SEATTLE Kraken zone.
11:23 of 1st period - Shot by Charlie McAvoy.
11:23 of 1st period - Stopped by Sergei Bobrovsky with a rebound.
11:27 of 1st period - Shot by Charlie Coyle.
11:27 of 1st period - Shot Misses the Net.
11:29 of 1st period - Shot by Charlie McAvoy.
11:29 of 1st period - Goal by Charlie McAvoy - CALGARY Flames : 2 - SEATTLE Kraken : 2.
11:30 of 1st period - Wayne Simmonds wins face-off versus Michael Rasmussen in neutral zone.
11:49 of 1st period - Shot by Givani Smith.
11:49 of 1st period - Shot Misses the Net.
11:51 of 1st period - Shot by Wayne Simmonds.
11:51 of 1st period - Stopped by Jacob Markstrom without a rebound.
11:52 of 1st period - Charlie Coyle wins face-off versus Matty Beniers in CALGARY Flames zone.
11:52 of 1st period - Charlie Coyle is hit by Matt Martin.
12:02 of 1st period - Liam O'Brien is hit by Charlie Coyle and loses puck.
12:07 of 1st period - Shot by Charlie Coyle.
12:07 of 1st period - Shot Misses the Net.
12:29 of 1st period - Shot by Daniel Sprong.
12:29 of 1st period - Stopped by Sergei Bobrovsky without a rebound.
12:30 of 1st period - Mathieu Olivier wins face-off versus Boone Jenner in SEATTLE Kraken zone.
12:32 of 1st period - Icing by Jordan Gross.
12:33 of 1st period - Boone Jenner wins face-off versus Wayne Simmonds in SEATTLE Kraken zone.
13:40 of 1st period - Shot by Charlie Coyle.
13:40 of 1st period - Stopped by Sergei Bobrovsky without a rebound.
13:41 of 1st period - Charlie Coyle wins face-off versus Luke Kunin in SEATTLE Kraken zone.
14:04 of 1st period - Shot by Charlie Coyle.
14:04 of 1st period - Shot Blocked by Jakub Zboril.
14:23 of 1st period - Luke Kunin is hit by Charlie McAvoy and loses puck.
14:57 of 1st period - Minor Penalty to Charlie McAvoy for Delaying the game.
14:58 of 1st period - Michael Rasmussen wins face-off versus Matty Beniers in CALGARY Flames zone.
15:13 of 1st period - Shot by Wayne Simmonds.
15:13 of 1st period - Stopped by Jacob Markstrom without a rebound.
15:14 of 1st period - Michael Rasmussen wins face-off versus Luke Kunin in CALGARY Flames zone.
16:38 of 1st period - Shot by Joel Hanley.
16:38 of 1st period - Shot Misses the Net.
16:52 of 1st period - Shot by Joel Hanley.
16:52 of 1st period - Shot Blocked by Jamie Oleksiak.
17:05 of 1st period - Alexei Toropchenko is hit by Joel Hanley and loses puck.
17:09 of 1st period - Icing by Jordan Gross.
17:10 of 1st period - Mathieu Olivier wins face-off versus Boone Jenner in SEATTLE Kraken zone.
17:23 of 1st period - Icing by Alex Newhook.
17:24 of 1st period - Boone Jenner wins face-off versus Zack MacEwen in CALGARY Flames zone.
18:24 of 1st period - Minor Penalty to Keegan Kolesar for Roughing.
18:25 of 1st period - Matty Beniers wins face-off versus Michael Rasmussen in CALGARY Flames zone.
19:03 of 1st period - Shot by Radko Gudas.
19:03 of 1st period - Stopped by Jacob Markstrom without a rebound.
19:04 of 1st period - Boone Jenner wins face-off versus Luke Kunin in CALGARY Flames zone.
19:10 of 1st period - Icing by Brendan Lemieux.
19:11 of 1st period - Luke Kunin wins face-off versus Michael Rasmussen in SEATTLE Kraken zone.
19:18 of 1st period - Michael Rasmussen is hit by Jordan Greenway and loses puck.
19:50 of 1st period - Icing by Matty Beniers.
19:51 of 1st period - Matty Beniers wins face-off versus Michael Rasmussen in SEATTLE Kraken zone.
19:51 of 1st period - Matty Beniers is hit by Boone Jenner.
Goals for this period are 2 for CALGARY Flames vs 2 for SEATTLE Kraken.
Shots for this period are 9 for CALGARY Flames vs 10 for SEATTLE Kraken.

2nd period


0:01 of 2nd period - Luke Kunin wins face-off versus Charlie Coyle in neutral zone.
0:13 of 2nd period - Luke Kunin is hit by Darnell Nurse.
0:23 of 2nd period - Shot by Radko Gudas.
0:23 of 2nd period - Shot Misses the Net.
0:50 of 2nd period - Matt Martin is hit by Johnathan Kovacevic.
1:22 of 2nd period - Icing by Zack MacEwen.
1:23 of 2nd period - Brendan Lemieux wins face-off versus Charlie Coyle in SEATTLE Kraken zone.
1:38 of 2nd period - Shot by Zack MacEwen.
1:38 of 2nd period - Shot Blocked by Darnell Nurse.
1:40 of 2nd period - Shot by Zack MacEwen.
1:40 of 2nd period - Shot Blocked by Jamie Oleksiak.
1:42 of 2nd period - Shot by Ryan Kesler.
1:42 of 2nd period - Shot Blocked by Darnell Nurse.
2:25 of 2nd period - Minor Penalty to Givani Smith for Roughing.
2:26 of 2nd period - Boone Jenner wins face-off versus John Hayden in SEATTLE Kraken zone.
3:03 of 2nd period - Radko Gudas is hit by Boone Jenner.
3:14 of 2nd period - Icing by Quinn Hughes.
3:15 of 2nd period - Ryan Kesler wins face-off versus Boone Jenner in CALGARY Flames zone.
3:38 of 2nd period - Shot by Jamie Oleksiak.
3:38 of 2nd period - Stopped by Sergei Bobrovsky without a rebound.
3:39 of 2nd period - Michael Rasmussen wins face-off versus Brendan Lemieux in SEATTLE Kraken zone.
4:06 of 2nd period - Shot by Daniel Sprong.
4:06 of 2nd period - Stopped by Sergei Bobrovsky with a rebound.
4:08 of 2nd period - Shot by Michael Rasmussen.
4:08 of 2nd period - Shot Blocked by Joel Hanley.
4:10 of 2nd period - Shot by Michael Rasmussen.
4:10 of 2nd period - Shot Misses the Net.
4:12 of 2nd period - Shot by Jamie Oleksiak.
4:12 of 2nd period - Shot Misses the Net.
4:41 of 2nd period - Mathieu Olivier is hit by A.J. Greer.
4:53 of 2nd period - Shot by Alexei Toropchenko.
4:53 of 2nd period - Stopped by Sergei Bobrovsky without a rebound.
4:54 of 2nd period - Michael Rasmussen wins face-off versus Zack MacEwen in SEATTLE Kraken zone.
5:11 of 2nd period - Ryan Kesler is hit by Keegan Kolesar and loses puck.
5:43 of 2nd period - Off-side.
5:44 of 2nd period - Matty Beniers wins face-off versus Charlie Coyle in neutral zone.
5:44 of 2nd period - Matty Beniers is hit by Charlie Coyle.
5:49 of 2nd period - Minor Penalty to Matt Martin for Tripping.
5:49 of 2nd period - Minor Penalty to Darnell Nurse for Slashing.
5:50 of 2nd period - Boone Jenner wins face-off versus Luke Kunin in CALGARY Flames zone.
6:40 of 2nd period - Icing by Radko Gudas.
6:41 of 2nd period - Luke Kunin wins face-off versus Charlie Coyle in SEATTLE Kraken zone.
7:17 of 2nd period - Icing by Jakub Zboril.
7:18 of 2nd period - Boone Jenner wins face-off versus Brendan Lemieux in SEATTLE Kraken zone.
7:22 of 2nd period - Icing by Arber Xhekaj.
7:23 of 2nd period - Brendan Lemieux wins face-off versus Boone Jenner in SEATTLE Kraken zone.
7:23 of 2nd period - Brendan Lemieux is hit by Lawson Crouse.
8:17 of 2nd period - Michael Rasmussen is hit by Joel Hanley and loses puck.
9:04 of 2nd period - Shot by Cole Perfetti.
9:04 of 2nd period - Deflect By Charlie Coyle.
9:04 of 2nd period - Shot Misses the Net.
9:06 of 2nd period - Shot by Cole Perfetti.
9:06 of 2nd period - Shot Misses the Net.
9:20 of 2nd period - Shot by Cole Perfetti.
9:20 of 2nd period - Shot Misses the Net.
10:09 of 2nd period - Shot by Lawson Crouse.
10:09 of 2nd period - Stopped by Sergei Bobrovsky with a rebound.
10:11 of 2nd period - Shot by Boone Jenner.
10:11 of 2nd period - Stopped by Sergei Bobrovsky without a rebound.
10:12 of 2nd period - Ty Dellandrea wins face-off versus Mathieu Olivier in SEATTLE Kraken zone.
10:12 of 2nd period - Ty Dellandrea is hit by Joel Hanley.
10:24 of 2nd period - Shot by A.J. Greer.
10:24 of 2nd period - Stopped by Sergei Bobrovsky without a rebound.
10:25 of 2nd period - Michael Rasmussen wins face-off versus Matty Beniers in SEATTLE Kraken zone.
10:36 of 2nd period - Shot by Michael Rasmussen.
10:36 of 2nd period - Stopped by Sergei Bobrovsky without a rebound.
10:37 of 2nd period - Boone Jenner wins face-off versus Mathieu Olivier in SEATTLE Kraken zone.
11:47 of 2nd period - Icing by Joel Hanley.
11:48 of 2nd period - Michael Rasmussen wins face-off versus Mathieu Olivier in SEATTLE Kraken zone.
12:03 of 2nd period - Darnell Nurse is hit by Mathieu Olivier and loses puck.
12:36 of 2nd period - Shot by Matt Martin.
12:36 of 2nd period - Shot Misses the Net.
13:01 of 2nd period - Charlie Coyle is hit by Radko Gudas and loses puck.
13:20 of 2nd period - Shot by Daniel Sprong.
13:20 of 2nd period - Stopped by Sergei Bobrovsky without a rebound.
13:21 of 2nd period - Luke Kunin wins face-off versus Alex Newhook in SEATTLE Kraken zone.
13:53 of 2nd period - Luke Kunin is hit by Josh Brown.
14:05 of 2nd period - Jordan Greenway is hit by Boone Jenner.
14:33 of 2nd period - Shot by Charlie Coyle.
14:33 of 2nd period - Shot Misses the Net.
14:35 of 2nd period - Shot by Daniel Sprong.
14:35 of 2nd period - Goal by Daniel Sprong - CALGARY Flames : 3 - SEATTLE Kraken : 2.
14:36 of 2nd period - Michael Rasmussen wins face-off versus Mathieu Olivier in neutral zone.
15:08 of 2nd period - Icing by Wayne Simmonds.
15:09 of 2nd period - Charlie Coyle wins face-off versus Mathieu Olivier in SEATTLE Kraken zone.
15:36 of 2nd period - Jake Gardiner is hit by Charlie Coyle and loses puck.
16:10 of 2nd period - Shot by Jamie Oleksiak.
16:10 of 2nd period - Stopped by Sergei Bobrovsky without a rebound.
16:11 of 2nd period - Philipp Kurashev wins face-off versus Zack MacEwen in SEATTLE Kraken zone.
17:28 of 2nd period - Lawson Crouse is hit by Radko Gudas and loses puck.
17:32 of 2nd period - Boone Jenner is hit by Radko Gudas.
17:49 of 2nd period - Jamie Oleksiak is hit by Givani Smith and loses puck.
18:28 of 2nd period - Jake Gardiner is hit by Charlie Coyle and loses puck.
18:46 of 2nd period - Minor Penalty to Charlie McAvoy for Tripping.
18:47 of 2nd period - Luke Kunin wins face-off versus Michael Rasmussen in CALGARY Flames zone.
18:58 of 2nd period - Shot by Jakub Zboril.
18:58 of 2nd period - Stopped by Jacob Markstrom without a rebound.
18:59 of 2nd period - Michael Rasmussen wins face-off versus Luke Kunin in CALGARY Flames zone.
19:03 of 2nd period - Keegan Kolesar is hit by Joel Hanley and loses puck.
19:07 of 2nd period - Icing by Luke Kunin.
19:08 of 2nd period - Luke Kunin wins face-off versus Charlie Coyle in SEATTLE Kraken zone.
19:31 of 2nd period - Shot by Jakub Zboril.
19:31 of 2nd period - Shot Misses the Net.
19:32 of 2nd period - Minor Penalty to Darnell Nurse for Tripping.
19:33 of 2nd period - Matty Beniers wins face-off versus Michael Rasmussen in CALGARY Flames zone.
19:59 of 2nd period - Shot by Radko Gudas.
19:59 of 2nd period - Shot Misses the Net.
Goals for this period are 1 for CALGARY Flames vs 0 for SEATTLE Kraken.
Shots for this period are 10 for CALGARY Flames vs 1 for SEATTLE Kraken.

3rd period


0:01 of 3rd period - Charlie Coyle wins face-off versus Luke Kunin in neutral zone.
0:25 of 3rd period - Shot by Joel Hanley.
0:25 of 3rd period - Shot Blocked by Michael Rasmussen.
0:34 of 3rd period - Icing by Luke Kunin.
0:35 of 3rd period - Charlie Coyle wins face-off versus Luke Kunin in SEATTLE Kraken zone.
0:42 of 3rd period - Shot by Charlie Coyle.
0:42 of 3rd period - Goal by Charlie Coyle - CALGARY Flames : 4 - SEATTLE Kraken : 2.
0:43 of 3rd period - Matty Beniers wins face-off versus Charlie Coyle in neutral zone.
1:01 of 3rd period - Icing by Matty Beniers.
1:02 of 3rd period - Michael Rasmussen wins face-off versus Matty Beniers in SEATTLE Kraken zone.
1:12 of 3rd period - Icing by Wayne Simmonds.
1:13 of 3rd period - Matty Beniers wins face-off versus Charlie Coyle in SEATTLE Kraken zone.
1:29 of 3rd period - Shot by Matt Martin.
1:29 of 3rd period - Stopped by Jacob Markstrom without a rebound.
1:30 of 3rd period - Michael Rasmussen wins face-off versus Jordan Greenway in CALGARY Flames zone.
2:29 of 3rd period - Shot by Boone Jenner.
2:29 of 3rd period - Shot Hit the Post.
2:31 of 3rd period - Shot by Boone Jenner.
2:31 of 3rd period - Deflect By Alex Newhook.
2:31 of 3rd period - Shot Misses the Net.
3:00 of 3rd period - Charlie McAvoy is hit by Joel Hanley and loses puck.
3:14 of 3rd period - Jordan Gross is hit by Charlie Coyle and loses puck.
3:18 of 3rd period - Minor Penalty to Charlie Coyle for Hooking.
3:19 of 3rd period - Michael Rasmussen wins face-off versus Matty Beniers in CALGARY Flames zone.
3:58 of 3rd period - Shot by Matty Beniers.
3:58 of 3rd period - Shot Misses the Net.
4:09 of 3rd period - Minor Penalty to Liam O'Brien for Holding.
4:10 of 3rd period - Ryan Kesler wins face-off versus Boone Jenner in SEATTLE Kraken zone.
4:27 of 3rd period - Shot by Ryan Kesler.
4:27 of 3rd period - Shot Misses the Net.
4:29 of 3rd period - Shot by Wayne Simmonds.
4:29 of 3rd period - Shot Blocked by Jamie Oleksiak.
4:31 of 3rd period - Shot by Radko Gudas.
4:31 of 3rd period - Stopped by Jacob Markstrom without a rebound.
4:32 of 3rd period - Ryan Kesler wins face-off versus Michael Rasmussen in CALGARY Flames zone.
4:59 of 3rd period - Shot by Jakub Zboril.
4:59 of 3rd period - Stopped by Jacob Markstrom without a rebound.
5:00 of 3rd period - Luke Kunin wins face-off versus Boone Jenner in CALGARY Flames zone.
5:11 of 3rd period - Shot by Luke Kunin.
5:11 of 3rd period - Stopped by Jacob Markstrom without a rebound.
5:12 of 3rd period - Boone Jenner wins face-off versus Jordan Greenway in CALGARY Flames zone.
6:33 of 3rd period - Shot by Matty Beniers.
6:33 of 3rd period - Shot Misses the Net.
6:35 of 3rd period - Shot by Matty Beniers.
6:35 of 3rd period - Stopped by Jacob Markstrom without a rebound.
6:36 of 3rd period - Michael Rasmussen wins face-off versus Givani Smith in CALGARY Flames zone.
7:09 of 3rd period - Minor Penalty to Jamie Oleksiak for Tripping.
7:10 of 3rd period - Charlie Coyle wins face-off versus Jordan Greenway in CALGARY Flames zone.
7:19 of 3rd period - Shot by Brendan Lemieux.
7:19 of 3rd period - Shot Blocked by Darnell Nurse.
8:59 of 3rd period - Icing by Luke Kunin.
9:00 of 3rd period - Charlie Coyle wins face-off versus Luke Kunin in SEATTLE Kraken zone.
10:47 of 3rd period - Mathieu Olivier is hit by Lawson Crouse and loses puck.
10:49 of 3rd period - Minor Penalty to Lawson Crouse for Goalie Interference.
10:50 of 3rd period - Luke Kunin wins face-off versus Michael Rasmussen in CALGARY Flames zone.
10:55 of 3rd period - Shot by Luke Kunin.
10:55 of 3rd period - Stopped by Jacob Markstrom without a rebound.
10:56 of 3rd period - Michael Rasmussen wins face-off versus Luke Kunin in CALGARY Flames zone.
11:07 of 3rd period - Shot by Jordan Greenway.
11:07 of 3rd period - Goal by Jordan Greenway - CALGARY Flames : 4 - SEATTLE Kraken : 3.
11:08 of 3rd period - Charlie Coyle wins face-off versus Zack MacEwen in neutral zone.
11:32 of 3rd period - Arber Xhekaj is hit by Daniel Sprong and loses puck.
11:34 of 3rd period - Minor Penalty to Cole Perfetti for Holding.
11:35 of 3rd period - Matt Martin wins face-off versus Michael Rasmussen in CALGARY Flames zone.
11:36 of 3rd period - Shot by Radko Gudas.
11:36 of 3rd period - Stopped by Jacob Markstrom without a rebound.
11:37 of 3rd period - Matty Beniers wins face-off versus Michael Rasmussen in CALGARY Flames zone.
11:38 of 3rd period - Shot by Radko Gudas.
11:38 of 3rd period - Goal by Radko Gudas - CALGARY Flames : 4 - SEATTLE Kraken : 4.
11:39 of 3rd period - Luke Kunin wins face-off versus Charlie Coyle in neutral zone.
12:16 of 3rd period - Shot by Cole Perfetti.
12:16 of 3rd period - Deflect By Daniel Sprong.
12:16 of 3rd period - Shot Blocked by Radko Gudas.
12:18 of 3rd period - Shot by Charlie Coyle.
12:18 of 3rd period - Shot Misses the Net.
13:10 of 3rd period - Shot by Matt Martin.
13:10 of 3rd period - Shot Blocked by Darnell Nurse.
13:50 of 3rd period - Givani Smith is hit by Josh Brown and loses puck.
14:04 of 3rd period - Johnathan Kovacevic is hit by Joel Hanley and loses puck.
14:17 of 3rd period - Jordan Gross is hit by Keegan Kolesar and loses puck.
14:24 of 3rd period - Minor Penalty to Keegan Kolesar for Tripping.
14:25 of 3rd period - Charlie Coyle wins face-off versus Luke Kunin in CALGARY Flames zone.
14:34 of 3rd period - Charlie Coyle is hit by Jordan Greenway and loses puck.
14:53 of 3rd period - Shot by Jake Gardiner.
14:53 of 3rd period - Shot Blocked by Jamie Oleksiak.
14:55 of 3rd period - Shot by Jakub Zboril.
14:55 of 3rd period - Stopped by Jacob Markstrom without a rebound.
14:56 of 3rd period - Michael Rasmussen wins face-off versus Matty Beniers in CALGARY Flames zone.
14:56 of 3rd period - Michael Rasmussen is hit by Matt Martin.
15:06 of 3rd period - Matty Beniers is hit by A.J. Greer and loses puck.
15:59 of 3rd period - Shot by Brendan Lemieux.
15:59 of 3rd period - Deflect By Jordan Greenway.
15:59 of 3rd period - Stopped by Jacob Markstrom without a rebound.
16:00 of 3rd period - Luke Kunin wins face-off versus Charlie Coyle in CALGARY Flames zone.
16:02 of 3rd period - Jordan Greenway is hit by Jamie Oleksiak.
16:18 of 3rd period - Shot by Radko Gudas.
16:18 of 3rd period - Stopped by Jacob Markstrom without a rebound.
16:19 of 3rd period - Charlie Coyle wins face-off versus Matty Beniers in CALGARY Flames zone.
16:35 of 3rd period - Matty Beniers is hit by Josh Brown.
16:40 of 3rd period - Icing by Josh Brown.
16:41 of 3rd period - Ty Dellandrea wins face-off versus Zack MacEwen in CALGARY Flames zone.
16:41 of 3rd period - Ty Dellandrea is hit by Brendan Lemieux.
16:46 of 3rd period - Minor Penalty to Jordan Gross for Hooking.
16:47 of 3rd period - Boone Jenner wins face-off versus Brendan Lemieux in SEATTLE Kraken zone.
16:52 of 3rd period - Shot by Charlie Coyle.
16:52 of 3rd period - Shot Misses the Net.
16:58 of 3rd period - Shot by Lawson Crouse.
16:58 of 3rd period - Shot Misses the Net.
17:12 of 3rd period - Shot by Boone Jenner.
17:12 of 3rd period - Stopped by Sergei Bobrovsky with a rebound.
17:14 of 3rd period - Shot by Charlie Coyle.
17:14 of 3rd period - Deflect By Boone Jenner.
17:14 of 3rd period - Shot Misses the Net.
17:18 of 3rd period - Shot by Quinn Hughes.
17:18 of 3rd period - Stopped by Sergei Bobrovsky with a rebound.
17:20 of 3rd period - Shot by Quinn Hughes.
17:20 of 3rd period - Shot Misses the Net.
17:24 of 3rd period - Shot by Charlie McAvoy.
17:24 of 3rd period - Stopped by Sergei Bobrovsky without a rebound.
17:25 of 3rd period - Brendan Lemieux wins face-off versus Daniel Sprong in SEATTLE Kraken zone.
18:42 of 3rd period - Charlie Coyle is hit by Jakub Zboril and loses puck.
19:48 of 3rd period - Shot by Matty Beniers.
19:48 of 3rd period - Stopped by Jacob Markstrom without a rebound.
19:49 of 3rd period - Charlie Coyle wins face-off versus Luke Kunin in CALGARY Flames zone.
Goals for this period are 1 for CALGARY Flames vs 2 for SEATTLE Kraken.
Shots for this period are 4 for CALGARY Flames vs 13 for SEATTLE Kraken.

Overtime #1


0:01 of 1st overtime period - Ryan Kesler wins face-off versus Boone Jenner in neutral zone.
0:33 of 1st overtime period - Shot by Boone Jenner.
0:33 of 1st overtime period - Shot Misses the Net.
1:05 of 1st overtime period - Shot by Alexei Toropchenko.
1:05 of 1st overtime period - Stopped by Sergei Bobrovsky without a rebound.
1:06 of 1st overtime period - Wayne Simmonds wins face-off versus Boone Jenner in SEATTLE Kraken zone.
1:15 of 1st overtime period - Shot by Joel Hanley.
1:15 of 1st overtime period - Shot Blocked by Jamie Oleksiak.
1:20 of 1st overtime period - Shot by John Hayden.
1:20 of 1st overtime period - Shot Misses the Net.
1:22 of 1st overtime period - Shot by Joel Hanley.
1:22 of 1st overtime period - Shot Misses the Net.
1:24 of 1st overtime period - Shot by Joel Hanley.
1:24 of 1st overtime period - Stopped by Jacob Markstrom without a rebound.
1:25 of 1st overtime period - Ryan Kesler wins face-off versus Boone Jenner in CALGARY Flames zone.
1:26 of 1st overtime period - Shot by Liam O'Brien.
1:26 of 1st overtime period - Shot Blocked by Jamie Oleksiak.
1:52 of 1st overtime period - Shot by Alexei Toropchenko.
1:52 of 1st overtime period - Stopped by Sergei Bobrovsky without a rebound.
1:53 of 1st overtime period - Wayne Simmonds wins face-off versus Charlie Coyle in SEATTLE Kraken zone.
2:46 of 1st overtime period - Shot by Alexei Toropchenko.
2:46 of 1st overtime period - Deflect By Boone Jenner.
2:46 of 1st overtime period - Shot Misses the Net.
2:59 of 1st overtime period - Icing by Liam O'Brien.
3:00 of 1st overtime period - Charlie Coyle wins face-off versus Ryan Kesler in SEATTLE Kraken zone.
3:17 of 1st overtime period - Shot by Charlie Coyle.
3:17 of 1st overtime period - Stopped by Sergei Bobrovsky without a rebound.
3:18 of 1st overtime period - Boone Jenner wins face-off versus Wayne Simmonds in SEATTLE Kraken zone.
3:46 of 1st overtime period - Shot by A.J. Greer.
3:46 of 1st overtime period - Deflect By Boone Jenner.
3:46 of 1st overtime period - Goal by Boone Jenner - CALGARY Flames : 5 - SEATTLE Kraken : 4.
Goals for this period are 1 for CALGARY Flames vs 0 for SEATTLE Kraken.
Shots for this period are 4 for CALGARY Flames vs 1 for SEATTLE Kraken. Output by the SimonT Hockey Simulator (STHS) for Martin Benoit - Original Page W3C HTML5 Valid
Hockey Simulator - Hockey Simulation - Hockey Manager